 Dungeon Crawl Stone Soup version 0.30-a0-847-g17996783a1 (console) character file.

Game seed: 1173564429490544808

504 petzl the Sneak (level 7, -7/52 HPs)
             Began as a Formicid Delver on Mar 3, 2023.
             Mangled by Crazy Yiuf
             ... wielding a +2 quarterstaff of chaos
              (9 damage)
             ... on level 4 of the Dungeon on Mar 5, 2023.
             The game lasted 00:20:44 (4346 turns).

petzl the Sneak (Formicid Delver)                   Turns: 4346, Time: 00:20:45

Health: -7/52      AC:  5    Str: 17    XL:     7   Next: 41%
Magic:  11/15      EV: 12    Int:  6    God:
Gold:   77         SH:  0    Dex: 15    Spells: 12/17 levels left

rFire   . . .      SeeInvis +    b - +8 mace {flame, Will++ Int-5}
rCold   . . .      Faith    .    (no shield)
rNeg    . . .      Spirit   .    p - +0 leather armour
rPois   +          Reflect  .    (helmet unavailable)
rElec   .          Rampage  .    w - +0 cloak
rCorr   .                        (no gloves)
Will    ++...                    q - +0 pair of boots
Stlth   +++                      (no amulet)
HPRegen 0.28/turn                l - ring of flight
MPRegen 0.14/turn                s - ring of poison resistance

@: flying
A: permanent stasis, dig shafts and tunnels, antennae 3, four strong arms
a: Dig, Shaft Self


You were on level 4 of the Dungeon.
You visited 2 branches of the dungeon, and saw 8 of its levels.

You collected 272 gold pieces.
You spent 195 gold pieces at shops.

Inventory:

Hand Weapons
 a - a +1 dagger of venom {!f =f}
 b - the +8 mace of the Dungeon (weapon) {flame, Will++ Int-5}
   (You found it on level 2 of the Dungeon)

   Int:       It affects your intelligence (-5).
   Will:      It greatly increases your willpower.
Missiles
 h - 60 stones (quivered)
 r - 21 poisoned darts
Armour
 p - a +0 leather armour (worn)
 q - a +0 pair of boots (worn)
 w - a +0 cloak (worn)
Jewellery
 l - a ring of flight (left hand)
 s - a ring of poison resistance (right hand)
Wands
 f - a wand of digging (3)
Scrolls
 d - a scroll of magic mapping
 e - a scroll of fear
 g - 2 scrolls of noise {unknown}
 j - 2 scrolls of enchant armour {unknown}
 m - a scroll of fog
 t - 4 scrolls of teleportation {unknown}
 v - a scroll of amnesia
 x - a scroll of enchant weapon
 y - a scroll of poison
Potions
 c - 2 potions of brilliance {unknown}
 i - 5 potions of curing {unknown}
 k - a potion of heal wounds {unknown}
 n - a potion of might {unknown}
 o - 2 potions of flight {unknown}
 u - a potion of ambrosia {unknown}
 z - a potion of resistance {unknown}
 A - a potion of attraction {unknown}


   Skills:
 - Level 3.2 Fighting
 + Level 2.2 Maces & Flails
 - Level 1.7 Dodging
 + Level 6.6 Stealth
 + Level 5.7 Spellcasting
 + Level 1.5 Conjurations
 + Level 1.6 Ice Magic
 + Level 1.3 Air Magic


You had 12 spell levels left.
You knew the following spells:

 Your Spells              Type           Power      Damage    Failure   Level
l - Freezing Cloud        Conj/Ice/Air   1%         6-21      99%         5

Your spell library contained the following spells:

 Spells                   Type           Power      Damage    Failure   Level
 Call Canine Familiar     Summ           1%         N/A       71%         3
 Portal Projectile        Hex/Tloc       2%         N/A       71%         3
 Leda's Liquefaction      Hex/Erth       0%         N/A       98%         4
 Simulacrum               Ice/Necr       1%         N/A       100%        6
 Polar Vortex             Ice            1%         N/A       100%        9


Dungeon Overview and Level Annotations

Branches:
Dungeon (7/15)             Temple (1/1) D:4

Altars:
Ashenzari
Cheibriados
Dithmenos
Elyvilon
Fedhas
Gozag
Hepliaklqana
Kikubaaqudgha
Makhleb
Nemelex Xobeh
Okawaru
Qazlal
Ru
Sif Muna
Trog
Wu Jian
Xom
Yredelemnul
Zin
The Shining One

Shops:
D:2 *=:[   D:3 ?   D:5 *

Annotations:
D:3 exclusion: downstairs
D:4 3 runed translucent doors, Crazy Yiuf; relicbr's ghost, amateur SpDe
D:5 exclusion: 2 downstairs
D:7 exclusion: ice beast


Innate Abilities, Weirdness & Mutations

You cannot be hasted, slowed, berserked, paralysed or teleported.
You can dig through walls and to a lower floor.
You have a pair of large antennae on your head. (SInv)
Your four strong arms can wield two-handed weapons with a shield.


Message History

Crazy Yiuf is moderately wounded.
Crazy Yiuf misses you.
You closely miss Crazy Yiuf.
Crazy Yiuf is moderately wounded.
Crazy Yiuf barely misses you.
Crazy Yiuf hits you with a +2 quarterstaff of chaos.
You feel your power leaking away.
You closely miss Crazy Yiuf.
Crazy Yiuf is moderately wounded.
Crazy Yiuf misses you.
You completely miss Crazy Yiuf.
Crazy Yiuf is moderately wounded.
Crazy Yiuf grits, "Mountain!
Paint shrimp tired."
Crazy Yiuf closely misses you.
You hit Crazy Yiuf. You burn Crazy Yiuf.
Crazy Yiuf is heavily wounded.
Crazy Yiuf hits you with a +2 quarterstaff of chaos!
Space warps around you.
You barely miss Crazy Yiuf.
Crazy Yiuf is heavily wounded.
Crazy Yiuf yells, "Cake broken chair!"
Crazy Yiuf hits you with a +2 quarterstaff of chaos.
Crazy Yiuf says, "Mountain sallow spinner!"
Crazy Yiuf completely misses you.
You hit Crazy Yiuf. You burn Crazy Yiuf.
Crazy Yiuf is almost dead.
Crazy Yiuf barely misses you.
You closely miss Crazy Yiuf.
Crazy Yiuf is almost dead.
Crazy Yiuf hits you with a +2 quarterstaff of chaos!
Crazy Yiuf burns you.
* * * LOW HITPOINT WARNING * * *
You closely miss Crazy Yiuf.
Crazy Yiuf is almost dead.
Crazy Yiuf screams, "Prologue!
Hah green arga."
Crazy Yiuf hits you with a +2 quarterstaff of chaos!
* * * LOW HITPOINT WARNING * * *
You feel your power leaking away.
Crazy Yiuf hits you with a +2 quarterstaff of chaos!
You die...

##......## ##........##
#..........# #...)......# ####
#..........# ....# #..........#
.....## #..........# ......#
##........##
......#####........##
.......).....†......#
......####..........###########
......# #....................#
......# #..........#########.#
......# #...######## #.#
......# ##..# #.## ...[..# #..#
#..# ♣.....# #.## ##### ♣♣###.#
.....## #)))#♣♣ ♣♣.....# ....##
#g@)')♣♣♣♣......# ##...###
#)))#♣))♣).....## #.#..<#
#####♣♣♣)♣)...## #.###.#
♣♣♣♣♣### ##.###.# ....##.#
.##.##.# ###.##.# .##.##.#
.##..#.# .##....# .##.##.#
.....#.# .....#.# .....#.###
.........# #.# .....#.#.## #.#
...>.#.#..## #.#
.....#.##..###.########


You could see Crazy Yiuf.

Vanquished Creatures
  A bullfrog (D:6)
  A howler monkey (D:6)
  A jelly (D:4)
  An orc priest (D:2)
  2 iguanas (D:4)
  2 orc wizards
  3 gnolls (D:3)
  4 adders
  3 shadow imps (D:4)
  3 white imps
  An ufetubus (D:4)
  2 worms
  3 dart slugs
  24 orcs
  9 ball pythons
  4 endoplasms (D:1)
  3 giant cockroaches
  3 goblins
  6 hobgoblins
  A jackal (D:3)
  10 kobolds
  5 quokkas
  3 bats
  3 frilled lizards (D:1)
  5 rats
103 creatures vanquished.

Vanquished Creatures (others)
  2 demonic plants (D:4)
  A plant (D:5)
  2 withered plants (D:7)
5 creatures vanquished.

Grand Total: 108 creatures vanquished

Notes
Turn   | Place    | Note
-------+----------+-------------------------------------------
     0 | D:5      | petzl the Formicid Delver began the quest for the Orb.
     0 | D:5      | Reached XP level 1. HP: 18/18 MP: 1/1
    13 | D:6      | Reached skill level 1 in Spellcasting
    13 | D:6      | Reached XP level 2. HP: 24/24 MP: 1/4
   240 | D:6      | Noticed a black bear
   640 | D:3      | Reached XP level 3. HP: 29/29 MP: 6/6
   953 | D:2      | Found Ivuifa's Jewellery Shop.
  1005 | D:2      | Identified the +8 mace of the Dungeon {flame, Will++ Int-5}
  1014 | D:2      | Found Duegac's Assorted Antiques.
  1226 | D:2      | Reached XP level 4. HP: 28/35 MP: 9/9
  1258 | D:2      | Found Kiureahuhe's Book Shoppe.
  1314 | D:2      | Found Xelaijil's Armour Shoppe.
  1846 | D:1      | Found Fypiumm's Antique Armour Emporium.
  2030 | D:2      | Reached XP level 5. HP: 41/41 MP: 11/11
  2334 | D:2      | Bought a black potion for 21 gold pieces
  2334 | D:2      | Bought a scroll labelled NAUZESK EKKYIN for 24 gold pieces
  2334 | D:2      | Bought a scroll labelled KONURUAMEF for 24 gold pieces
  2520 | D:3      | Found The Oracle's Delphic Readings.
  2524 | D:3      | Bought a scroll of identify for 20 gold pieces
  2596 | D:3      | Reached skill level 5 in Spellcasting
  2658 | D:3      | Reached XP level 6. HP: 46/47 MP: 14/14
  2666 | D:3      | Learned a level 5 spell: Freezing Cloud
  3304 | D:4      | You are sucked into a shaft and drop 3 floors!
  3403 | D:7      | Noticed an ice beast
  3457 | D:7      | Noticed a water moccasin
  3463 | D:6      | Reached skill level 1 in Ice Magic
  3474 | D:6      | Reached skill level 1 in Conjurations
  3474 | D:6      | Reached skill level 1 in Air Magic
  3474 | D:6      | Reached XP level 7. HP: 47/52 MP: 15/15
  3541 | D:5      | Found Canafon's Assorted Antiques.
  3548 | D:5      | Bought a scroll labelled APRIXZ QARROUD for 23 gold pieces
  3548 | D:5      | Bought a cyan potion for 20 gold pieces
  3548 | D:5      | Bought a green potion for 20 gold pieces
  3548 | D:5      | Bought a scroll labelled APRIXZ QARROUD for 23 gold pieces
  3548 | D:5      | Bought a green potion for 20 gold pieces
  3561 | D:4      | Found a staircase to the Ecumenical Temple.
  3622 | Temple   | Entered the Ecumenical Temple
  4091 | D:4      | Found a runed translucent gate.
  4091 | D:4      | Found a runed translucent gate.
  4092 | D:4      | Found a runed translucent gate.
  4092 | D:4      | Noticed relicbr's ghost (amateur SpDe)
  4092 | D:4      | Identified the +4 spear of Lesoh {freeze, rPois rC- MP+9
                  | Dex+5}
  4328 | D:4      | Found a runed translucent door.
  4329 | D:4      | Noticed Crazy Yiuf
  4346 | D:4      | HP: 2/52 [Crazy Yiuf/+2 quarterstaff of chaos (9)]
  4346 | D:4      | Mangled by Crazy Yiuf

Illustrated notes

Levels and vault maps discovered:
D:1:      ncdulo_lavacross, layout_rooms, serial_shops, nicolae_lakefront_shop,
          dreamdust_mushroom_princess, palyth_stone_intersect
D:2:      layout_loops_ring, serial_shops, shop, shop,
          nicolae_shop_temple_entry_statues_fountains,
          nicolae_shop_window_shopping
D:3:      cheibrodos_pilgrimage, layout_loops_ring, serial_forest,
          infiniplex_forest_zigzag_2, infiniplex_forest_clump_curved,
          infiniplex_forest_lined_3_way, infiniplex_forest_end_3,
          infiniplex_forest_straight_2, infiniplex_forest_lined_2,
          nicolae_nh_oracle_at_delphi
D:4:      layout_rooms, minmay_temple_entry_waves, serial_demonic,
          serial_demonic_f, serial_demonic_f, serial_demonic_b,
          serial_demonic_d, biasface_ghost_orc_armoury, grunt_ministairs_8,
          uniq_crazy_yiuf_cottage
D:5:      layout_loops_ring, serial_shops, nicolae_shop_overgrown_old_shop,
          gammafunk_ghost_arena, minmay_misc_feat_doors
D:6:      layout_basic, nicolae_vehumet_radiance, serial_shops, shop_fountains,
          uniq_prince_ribbit1
D:7:      layout_loops_cross, marbit_many_paths, serial_undead, serial_undead_b,
          serial_undead_f, serial_undead_a, serial_undead_a
Temple:   nicolae_temple_slightly_damp_pantheon

Skill      XL: |  1  2  3  4  5  6 |
---------------+-------------------+-----
Spellcasting   | 1 2 3 4 5 |  5.7
Ice Magic      | 1 |  1.6
Conjurations   | 1 |  1.5
Air Magic      | 1 |  1.3
Fighting       | |  3.2
Maces & Flails | |  2.2
Dodging        | |  1.7
Stealth        | |  6.6

Action                     |  1- 3 |  4- 6 |  7- 9 || total
---------------------------+-------+-------+-------++-------
  Melee: Mace              |    76 |    53 |    57 ||   186
         Dagger            |    26 |    92 |       ||   118
         Punch             |       |     2 |       ||     2
  Throw: Stone             |     2 |     5 |     6 ||    13
Ability: Dig               |     1 |       |       ||     1
         Shaft Self        |       |     1 |       ||     1
    Use: Scroll            |       |     1 |     2 ||     3
   Stab: Sleeping          |     5 |    13 |     4 ||    22
 Armour: Leather armour    |    33 |    41 |    11 ||    85
  Dodge: Dodged            |   100 |    84 |    55 ||   239

Table legend: (Time is in decaauts)
 A = Elapsed time spent in this place.
 B = Non-inter-level travel time spent in this place.
 C = Inter-level travel time spent in this place.
 D = Time resting spent in this place.
 E = Time spent auto-exploring this place.
 F = Levels seen in this place.
 G = Mean time per level.
                   A        B        C        D        E       F      G
               +--------+--------+--------+--------+--------+-----+--------+
         Total |   4402 |   4192 |    210 |    708 |   1936 |   8 |  550.2 |
       Dungeon |   4006 |   3815 |    191 |    517 |   1791 |   7 |  572.3 |
        Temple |    396 |    377 |     19 |    191 |    145 |   1 |  396.0 |
               +--------+--------+--------+--------+--------+-----+--------+

Top non-repeatable levels by time:
     D:3: 1276 daAuts
     D:2: 892 daAuts
     D:4: 709 daAuts
     D:1: 586 daAuts
  Temple: 396 daAuts
     D:5: 214 daAuts
     D:6: 172 daAuts
     D:7: 154 daAuts
